 Dungeon Crawl Stone Soup version 0.28.0-53-g5a82cb258f (webtiles) character file.

Game seed: 2056407935559765010

938 safid the Cleaver (level 8, -4/68 HPs)
             Began as a Hill Orc Fighter on Aug 17, 2022.
             Slain by a two-headed ogre
             ... wielding a +0 giant club
              (13 damage)
             ... on level 6 of the Dungeon.
             The game lasted 00:05:10 (4928 turns).

safid the Cleaver (Hill Orc Fighter)                Turns: 4928, Time: 00:05:11

Health: -4/68      AC: 12    Str: 26    XL:     8   Next: 12%
Magic:  8/8        EV:  7    Int:  8    God:
Gold:   381        SH:  4    Dex: 10    Spells: 7/7 levels left

rFire   . . .      SeeInvis .   C - +9 whip of Cecalegh {vorpal, Will++ Str+5 Stlth-}
rCold   . . .      Faith    .   c - +0 buckler
rNeg    . . .      Spirit   .   s - +0 plate armour
rPois   .          Reflect  .   (no helmet)
rElec   .          Harm     .   (no cloak)
rCorr   .          Rampage  .   (no gloves)
Will    ++...                   (no boots)
Stlth   ..........              k - amulet of regeneration
HPRegen 1.01/turn               (no ring)
MPRegen 0.11/turn               (no ring)

@: no status effects
A: no striking features
a: no special abilities


You were on level 6 of the Dungeon.
You visited 1 branch of the dungeon, and saw 6 of its levels.

You collected 381 gold pieces.

Inventory:

Hand Weapons
 a - a +0 war axe
 C - the +9 whip of Cecalegh (weapon) {vorpal, Will++ Str+5 Stlth-}
   (You found it on level 5 of the Dungeon)

   It inflicts extra damage upon your enemies.
   Str:       It affects your strength (+5).
   Will:      It greatly increases your willpower.
   Stlth:     It makes you less stealthy.
Armour
 c - a +0 buckler (worn)
 s - a +0 plate armour (worn)
Jewellery
 g - a ring of fire
 k - an amulet of regeneration (around neck)
 t - an amulet of the acrobat
Wands
 o - a wand of iceblast (10)
 v - a wand of charming (12)
 y - a wand of mindburst (14)
 E - a wand of flame (20)
 F - a wand of digging (5)
Scrolls
 f - a scroll of enchant weapon {unknown}
 h - 7 scrolls of identify {unknown}
 m - a scroll of blinking {unknown}
 p - a scroll of amnesia {unknown}
 r - 2 scrolls of teleportation {unknown}
 u - a scroll of vulnerability {unknown}
 w - a scroll of immolation {unknown}
 D - a scroll of summoning {unknown}
Potions
 b - 2 potions of attraction {unknown}
 d - 2 potions of might
 e - 2 potions of curing {unknown}
 i - 2 potions of berserk rage {unknown}
 j - a potion of haste {unknown}
 l - 2 potions of mutation {unknown}
 n - 2 potions of degeneration {unknown}
 q - a potion of invisibility {unknown}
 x - 2 potions of resistance {unknown}
 z - a potion of brilliance {unknown}
 A - a potion of magic {unknown}
 B - a potion of heal wounds {unknown}


   Skills:
 + Level 5.3 Fighting
 - Level 9.1 Axes
 + Level 5.1 Armour
 + Level 2.1 Dodging
 - Level 4.0 Shields


You had 7 spell levels left.
You didn't know any spells.
Your spell library contained the following spells:

 Spells                   Type           Power      Damage    Failure   Level
 Foxfire                  Conj/Fire      0%         2x1d4     100%        1
 Magic Dart               Conj           0%         1d3       100%        1
 Summon Small Mammal      Summ           0%         N/A       100%        1
 Corpse Rot               Necr/Air       0%         N/A       100%        2
 Scorch                   Fire           0%         2d5       100%        2
 Searing Ray              Conj           0%         2d4       100%        2
 Call Canine Familiar     Summ           0%         N/A       100%        3
 Inner Flame              Hex/Fire       0%         N/A       100%        3
 Summon Guardian Golem    Hex/Summ       0%         N/A       100%        3
 Animate Armour           Summ/Erth      0%         N/A       100%        4
 Dispel Undead            Necr           0%         3d6       100%        4
 Flame Wave               Conj/Fire      0%         2d4       100%        4
 Fulminant Prism          Conj/Hex       0%         3d6       100%        4
 Petrify                  Tmut/Erth      0%         N/A       100%        4
 Death Channel            Necr           0%         N/A       100%        6
 Statue Form              Tmut/Erth      0%         N/A       100%        6
 Summon Cactus Giant      Summ           0%         N/A       100%        6


Dungeon Overview and Level Annotations

Branches:
Dungeon (6/15)
 Temple: D:4-7

Altars:
Ashenzari
Xom
Zin

Shops:
D:4 ((


Message History

Your Dodging skill increases to level 2!
You have reached level 8!
F - a wand of digging (5)
You now have 365 gold pieces (gained 9).
You now have 381 gold pieces (gained 16).
Found an escape hatch in the floor.
A two-headed ogre comes into view. It is wielding two +0 giant clubs.
A two-headed ogre is nearby!
The two-headed ogre barely misses you.
The two-headed ogre hits you with a +0 giant club!
You whack the two-headed ogre!
The two-headed ogre is moderately wounded.
The two-headed ogre hits you but does no damage.
The two-headed ogre hits you with a +0 giant club!
You whack the two-headed ogre!
The two-headed ogre is heavily wounded.
The two-headed ogre hits you with a +0 giant club!!
* * * LOW HITPOINT WARNING * * *
The two-headed ogre hits you with a +0 giant club!
* * * LOW HITPOINT WARNING * * *
You are too injured to fight recklessly!
You are too injured to fight recklessly!
You are too injured to fight recklessly!
You are too injured to fight recklessly!
You are too injured to fight recklessly!
You are too injured to fight recklessly!
You are too injured to fight recklessly!
You are too injured to fight recklessly!
You are too injured to fight recklessly!
You are too injured to fight recklessly!
You are too injured to fight recklessly!
You are too injured to fight recklessly!
Unknown command.
You hit the two-headed ogre.
The two-headed ogre is heavily wounded.
Unknown command.
You whack the two-headed ogre!
The two-headed ogre is almost dead.
The two-headed ogre hits you with a +0 giant club!
You die...

##+# ##...##### # ###
##.....##.. #.##.##
##.......#.# .#...##
#..........# .....
+........... .>.
#........... #. #O#
#.......### #.##@#
##.....## #.##.# ##...##
#.##.# ##'###### #.##.#
#....... #.##.# ###
#..##### #.###.##.###.##
##..# #
#........##...###...#####
#####.####.....#.........
#.................###


You could see a two-headed ogre.

Vanquished Creatures
  A steam dragon (D:6)
  A black bear (D:4)
  An ice beast (D:5)
  A sky beast (D:6)
  A scorpion (D:5)
  A bullfrog zombie (D:5)
  An orc priest (D:5)
  A hound (D:4)
  Jessica (D:2)
  A bullfrog skeleton (D:4)
  4 iguanas
  2 orc wizards
  A hound skeleton (D:4)
  2 gnolls
  5 adders
  An adder skeleton (D:4)
  2 worms (D:2)
  2 dart slugs
  16 orcs
  4 bats
  9 endoplasms
  A giant cockroach (D:3)
  6 goblins
  3 hobgoblins
  3 jackals (D:1)
  7 kobolds
  6 quokkas
  6 ball pythons
  A frilled lizard (D:2)
  4 rats
95 creatures vanquished.

Notes
Turn   | Place    | Note
-------+----------+-------------------------------------------
     0 | D:1      | safid the Hill Orc Fighter began the quest for the Orb.
     0 | D:1      | Reached XP level 1. HP: 19/19 MP: 1/1
   155 | D:1      | Reached skill level 3 in Axes
   155 | D:1      | Reached XP level 2. HP: 7/27 MP: 2/2
   536 | D:1      | Reached XP level 3. HP: 24/33 MP: 3/3
  1119 | D:1      | Found a faded altar of an unknown god.
  1324 | D:2      | Reached XP level 4. HP: 10/40 MP: 4/4
  1864 | D:2      | Reached skill level 4 in Axes
  1969 | D:2      | Noticed Jessica
  1977 | D:2      | Killed Jessica
  2463 | D:3      | Reached skill level 5 in Axes
  2522 | D:3      | Reached XP level 5. HP: 40/46 MP: 5/5
  2972 | D:4      | Reached skill level 6 in Axes
  3104 | D:4      | Reached skill level 7 in Axes
  3104 | D:4      | Reached XP level 6. HP: 43/52 MP: 6/6
  3121 | D:4      | Noticed a black bear
  3139 | D:4      | Killed a black bear
  3165 | D:4      | Found Cibb's Weapon Boutique.
  3193 | D:4      | Reached skill level 8 in Axes
  3321 | D:4      | Found Ymmit's Weapon Shoppe.
  3336 | D:4      | Reached XP level 7. HP: 48/59 MP: 7/7
  3360 | D:4      | Found a shimmering altar of Xom.
  3715 | D:5      | Entered Level 5 of the Dungeon
  3739 | D:5      | Identified the +9 whip of Cecalegh {vorpal, Will++ Str+5
                  | Stlth-}
  3753 | D:5      | Reached skill level 9 in Axes
  4070 | D:5      | Got the Grimoire of Torrid Clay
  4321 | D:5      | Reached skill level 1 in Dodging
  4558 | D:5      | Found a broken altar of Ashenzari.
  4724 | D:6      | Found a glowing silver altar of Zin.
  4724 | D:6      | Noticed an angel
  4856 | D:6      | Noticed a steam dragon
  4862 | D:6      | Killed a steam dragon
  4863 | D:6      | Reached skill level 5 in Fighting
  4863 | D:6      | Reached skill level 5 in Armour
  4863 | D:6      | Reached XP level 8. HP: 53/68 MP: 8/8
  4921 | D:6      | Noticed a two-headed ogre
  4928 | D:6      | Slain by a two-headed ogre

Illustrated notes

Levels and vault maps discovered:
D:1:      amcnicky_arrival_single_pillar, layout_loops_cross,
          chequers_ecumenical_altar_grove, minmay_tetromino_t4
D:2:      layout_basic, uniq_jessica
D:3:      layout_rooms, minivault_27
D:4:      layout_basic, tgw_xom, serial_shops, shop_fountains, shop,
          minmay_misc_feat_tower, dk_noncrumbling_4
D:5:      layout_basic, ashenzari_conservatory_becter,
          chequers_serial_rivers_micro_d, abandoned_shop
D:6:      layout_loops_corners, zin_angel, uniq_eustachio, uniq_grinder

Skill      XL: |  1  2  3  4  5  6  7 |
---------------+----------------------+-----
Axes           | 3 5 7 8 9 |  9.1
Fighting       | 4 5 |  5.3
Armour         | 4 5 |  5.1
Shields        | 4 |  4.0
Dodging        | 2 |  2.1

Action                   |  1- 3 |  4- 6 |  7- 9 || total
-------------------------+-------+-------+-------++-------
Melee: War axe           |    86 |   186 |    11 ||   283
       Whip              |       |       |    34 ||    34
Armor: Scale mail        |    32 |    16 |       ||    48
       Plate armour      |       |   103 |    18 ||   121
Dodge: Dodged            |    29 |    43 |     9 ||    81
Block: Buckler           |    17 |    35 |     4 ||    56
